 Dungeon Crawl Stone Soup version 0.25.1-2-g60ff931df9 (webtiles) character file.

Game seed: 15369473000786182016

1180 funkygono the Gusty (level 8, -14/59 HPs)
             Began as a Pale Draconian Air Elementalist on Nov 28, 2020.
             Demolished by an orc warrior
             ... wielding a +0 scimitar
              (19 damage)
             ... on level 5 of the Dungeon.
             The game lasted 00:15:58 (6972 turns).

funkygono the Gusty (DrAE)                          Turns: 6972, Time: 00:15:59

Health: -14/59     AC:  6    Str: 12    XL:     8   Next: 18%
Magic:  5/15       EV: 12    Int: 17    God:
Gold:   260        SH:  0    Dex: 11    Spells: 7/17 levels left

rFire    . . .     SeeInvis .   f - +1 whip
rCold    + . .     Gourm    .   (no shield)
rNeg     . . .     Faith    .   (armour unavailable)
rPois    .         Spirit   .   (helmet restricted)
rElec    .         Reflect  .   (no cloak)
rCorr    +         Harm     .   (no gloves)
MR       .....                  (no boots)
Stlth    ++........             (no amulet)
HPRegen  0.19/turn              m - ring of resist corrosion
MPRegen  0.14/turn              k - ring of protection from cold

@: sluggish, very slow
A: breathe steam, unfitting armour, cold-blooded, AC +6
a: Breathe Steam


You were on level 5 of the Dungeon.
You were not hungry.

You visited 1 branch of the dungeon, and saw 6 of its levels.

You collected 260 gold pieces.

Inventory:

Hand Weapons
 f - a +1 whip (weapon)
Armour
 a - a +0 tower shield
Jewellery
 h - an uncursed ring of fire
 k - a ring of protection from cold (right hand)
 m - a ring of resist corrosion (left hand)
Wands
 n - a wand of flame (18)
 r - a wand of digging (6)
Scrolls
 d - a scroll of amnesia
 e - 2 scrolls of magic mapping
 g - a scroll of identify
 i - a scroll of fog
 p - a scroll of remove curse
 q - a scroll of fear
Potions
 j - a potion of curing
 l - a potion of ambrosia
Comestibles
 b - 7 rations
 c - 5 chunks of flesh


   Skills:
 + Level 1.1 Fighting
 + Level 2.2 Maces & Flails
 + Level 2.4 Dodging
 - Level 1.7 Stealth
 * Level 5.1 Spellcasting
 * Level 4.7 Conjurations
 * Level 2.3 Charms
 * Level 6.2 Air Magic


You had 7 spell levels left.
You knew the following spells:

 Your Spells              Type           Power        Failure   Level  Hunger
a - Shock                 Conj/Air       ###.         1%          1    None
b - Swiftness             Chrm/Air       ###.....     3%          2    #......
c - Static Discharge      Conj/Air       ###.....     4%          3    ###....
d - Airstrike             Air            ####......   11%         4    ####...

Your spell library contained the following spells:

 Spells                   Type           Power        Failure   Level  Hunger
 Infusion                 Chrm           ##..         5%          1    None
 Song of Slaying          Chrm           ##......     8%          2    #......
 Shroud of Golubria       Chrm/Tloc      #.....       13%         2    #......
 Animate Skeleton         Necr           N/A          14%         1    None
 Pain                     Necr           #...         14%         1    None
 Ozocubu's Armour         Chrm/Ice       #.......     26%         3    ###....
 Spectral Weapon          Hex/Chrm       #.......     26%         3    ###....
 Vampiric Draining        Necr           #.........   38%         3    ###....
 Lightning Bolt           Conj/Air       ###.......   38%         5    ######.
 Animate Dead             Necr           N/A          80%         4    ####...
 Agony                    Necr           #.......     98%         5    ######.


Dungeon Overview and Level Annotations

Branches:
Dungeon (6/15)
 Temple: D:4-7

Altars:
Nemelex Xobeh

Annotations:
D:5 1 transporter


Innate Abilities, Weirdness & Mutations

You can breathe blasts of scalding, opaque steam.
Your pale cyan-grey scales are hard. (AC +6)
You cannot fit into any form of body armour.
You are cold-blooded and may be slowed by cold attacks.


Message History

The orc warrior is heavily wounded.
The orc warrior misses you.
You hit the orc warrior.
The orc warrior is heavily wounded.
You hit the orc warrior but do no damage.
The orc warrior is heavily wounded.
The orc warrior hits you with a +0 scimitar!
* * * LOW HITPOINT WARNING * * *
Casting: Static Discharge (dangerous; 4% risk of failure)
Confirm with . or Enter, or press ? or * to list all spells.
You feel quick. The orc warrior completely misses you.
You see here a +0 flail.
There is a stone staircase leading up here.
You start to feel a little slower.
You feel sluggish.
The orc warrior hits you with a +0 scimitar!
* * * LOW HITPOINT WARNING * * *
You start to feel a little faster.
The orc warrior hits you with a +0 scimitar!!
You die...

.......##....#......##
........#............#
....................###
.................#.##.#
#.....................##
##.....................#
.##.................#.##
................)...#.#
....#..........o@..####
#..##...............#
.....##.#############
..#.....#▓▓▓▓▓▓▓###▓▓▓▓▓▓▓
###...o.#▓⌠.©.⌠▓§.§▓⌠.©.⌠▓
#####...#▓..[..▓._.▓.....▓
.###....#▓..8).▓...▓.....▓
........#▓.))..▓...▓h....▓
........#▓⌠...⌠▓...▓K...⌠▓


You could see an orc warrior.

Vanquished Creatures
  Menkaure (D:4)
  A sky beast (D:5)
  2 ice beasts (D:5)
  A big kobold (D:3)
  Blork the orc (D:6)
  2 hounds (D:4)
  3 orc priests
  A bullfrog skeleton (D:5)
  Jessica (D:2)
  An iguana (D:5)
  2 worker ants
  Natasha (thrice) (D:2)
  An orc wizard (D:5)
  11 adders
  8 worms
  2 dart slugs
  7 leopard geckos
  10 orcs
  2 ball pythons
  13 bats
  4 giant cockroaches
  6 goblins
  12 hobgoblins
  8 jackals
  3 quokkas
  4 frilled lizards
  17 kobolds
  A quokka skeleton (D:5)
  12 rats
140 creatures vanquished.

Notes
Turn   | Place    | Note
-------+----------+-------------------------------------------
     0 | D:1      | funkygono the Draconian Air Elementalist began the quest
                  | for the Orb.
     0 | D:1      | Reached XP level 1. HP: 14/14 MP: 3/3
   326 | D:1      | Reached XP level 2. HP: 20/20 MP: 1/5
   330 | D:1      | Learned a level 2 spell: Swiftness
  1125 | D:1      | Reached XP level 3. HP: 26/26 MP: 0/6
  1196 | D:1      | Learned a level 3 spell: Static Discharge
  1472 | D:2      | Noticed Natasha
  1490 | D:2      | Killed Natasha
  1490 | D:2      | Reached XP level 4. HP: 30/33 MP: 5/8
  1528 | D:2      | Reached skill level 4 in Air Magic
  1676 | D:2      | Noticed Natasha
  1678 | D:2      | Noticed Jessica
  1691 | D:2      | Killed Natasha
  1691 | D:2      | Killed Jessica
  1956 | D:2      | Reached XP level 5. HP: 38/38 MP: 5/9
  2408 | D:2      | Noticed Natasha
  2421 | D:2      | Killed Natasha
  3084 | D:2      | Learned a level 4 spell: Airstrike
  3799 | D:3      | Reached XP level 6. HP: 37/45 MP: 11/11
  4344 | D:4      | Noticed Menkaure
  4353 | D:4      | Killed Menkaure
  4353 | D:4      | Reached skill level 1 in Charms
  4353 | D:4      | Reached skill level 5 in Air Magic
  4736 | D:4      | Your scales start taking on a pale cyan-grey colour.
  4736 | D:4      | Reached XP level 7. HP: 40/51 MP: 7/13
  5414 | D:4      | Reached skill level 1 in Maces & Flails
  5452 | D:5      | Entered Level 5 of the Dungeon
  6008 | D:5      | Reached skill level 6 in Air Magic
  6482 | D:5      | Found a sparkling altar of Nemelex Xobeh.
  6482 | D:5      | Found a transporter.
  6619 | D:5      | Reached skill level 1 in Fighting
  6619 | D:5      | Reached skill level 5 in Spellcasting
  6619 | D:5      | Reached XP level 8. HP: 56/59 MP: 8/15
  6895 | D:6      | Noticed Blork the orc
  6905 | D:6      | Killed Blork the orc
  6972 | D:5      | Demolished by an orc warrior

Illustrated notes

Levels and vault maps discovered:
D:1:      dpeg_arrival_ratfight, layout_basic
D:2:      minmay_razor_zed, layout_loops_ring, uniq_natasha, uniq_jessica
D:3:      cheibrodos_thug_alley, layout_loops_ring,
          minmay_misc_feat_more_columns
D:4:      layout_basic, skrybe_limestone_x,
          hangedman_abyss_or_decor_lesser_grid, serial_park_tiny_2,
          uniq_menkaure
D:5:      layout_cave_pools, first_ration, grunt_nemelex_the_gamble
D:6:      layout_basic, nicolae_dithmenos_the_darkroom, hex_medium,
          grunt_decor_one_mirror, lemuel_altar_in_water, uniq_blork_the_orc

Skill      XL: |  1  2  3  4  5  6  7  8 |
---------------+-------------------------+-----
Air Magic      | 4 5 6 |  6.2
Spellcasting   | 3 4 5 |  5.1
Conjurations   | 2 3 4 |  4.7
Dodging        | 2 |  2.4
Charms         | 1 2 |  2.3
Maces & Flails | 1 2 |  2.2
Fighting       | 1 |  1.1
Stealth        | |  1.7

Action                   |  1- 3 |  4- 6 |  7- 9 || total
-------------------------+-------+-------+-------++-------
Melee: Club              |    31 |    27 |       ||    58
       Tailslap          |     3 |     3 |     7 ||    13
       Unarmed           |     7 |       |       ||     7
       Whip              |       |    49 |    78 ||   127
 Cast: Shock             |    51 |   168 |    55 ||   274
       Swiftness         |     1 |       |     2 ||     3
       Static Discharge  |       |     1 |    17 ||    18
 Abil: Breathe Steam     |       |       |     1 ||     1
  Use: Scroll            |     5 |     6 |     3 ||    14
       Potion            |       |       |     2 ||     2
 Stab: Sleeping          |       |     3 |       ||     3
  Eat: Chunk             |     3 |     9 |     9 ||    21
Armor: Skin              |    17 |    26 |    37 ||    80
Dodge: Dodged            |    43 |    67 |    60 ||   170
